 Dungeon Crawl Stone Soup version 0.21.1-1-g345015f (webtiles) character file.

418 Kagorn the Skirmisher (level 6, 0/57 HPs)
             Began as a Hill Orc Fighter on June 22, 2018.
             Was a Follower of Beogh.
             Succumbed to LairdRich's ghost's poison
             ... on level 4 of the Dungeon.
             The game lasted 00:12:44 (2113 turns).

Kagorn the Skirmisher (Hill Orc Fighter)            Turns: 2113, Time: 00:12:49

Health: 0/57       AC: 11    Str: 22 (24) XL:     6   Next: 93%
Magic:  6/6        EV: 13    Int:  5 (8)  God:    Beogh [*.....]
Gold:   176        SH:  0    Dex: 14 (15) Spells: 5/5 levels left

rFire    + . .     SeeInvis .   a - +1 war axe
rCold    + + .     Gourm    .   c - +0 shield
rNeg     . . .     Faith    .   b - +0 scale mail
rPois    .         Spirit   .   (no helmet)
rElec    .         Reflect  .   p - scarf {rC+ rF+}
rCorr    .         Harm     .   r - +1 pair of gloves
MR       .....                  (no boots)
Stlth    ..........             (no amulet)
HPRegen  0.19/turn              u - ring of wizardry
MPRegen  0.10/turn              (no ring)

@: confused, mighty, agile, lethally poisoned (0 -> -19)
A: yellow scales 1, cold resistance 1, weak 1
a: Renounce Religion


You were on level 4 of the Dungeon.
You worshipped Beogh.
Beogh was aware of your devotion.
You were hungry.

You visited 1 branch of the dungeon, and saw 4 of its levels.

You collected 176 gold pieces.

Inventory:

Hand Weapons
 a - a +1 war axe (weapon)
Missiles
 t - 2 needles of sleeping
Armour
 b - a +0 scale mail (worn)
 c - a +0 shield (worn)
 p - a scarf of resistance (worn)
 r - a +1 pair of gloves (worn)
Jewellery
 u - a ring of wizardry (left hand)
Scrolls
 g - 2 scrolls of enchant armour
 i - 2 scrolls of fog
 s - 2 scrolls of identify
Potions
 d - a potion of might
Comestibles
 f - 9 rations


   Skills:
 * Level 5.8 Fighting
 * Level 5.4 Axes
 + Level 4.3 Armour
 + Level 1.7 Dodging
 + Level 4.3 Shields


You had 5 spell levels left.
You didn't know any spells.

Dungeon Overview and Level Annotations

Branches:
Dungeon (4/15)
 Temple: D:4-7

Altars:
Qazlal
Uskayaw
Xom
Yredelemnul

Annotations:
D:4 LairdRich's ghost, amateur SpEn


Innate Abilities, Weirdness & Mutations

You are partially covered in yellow scales. (AC +2)
Your flesh is cold resistant. (rC+)
You are weak. (Str -2)


Message History

LairdRich's ghost casts a spell at you. You resist with significant effort.
You closely miss LairdRich's ghost.
* * * LOW HITPOINT WARNING * * *
You feel sick. LairdRich's ghost hits you.
* * * LOW HITPOINT WARNING * * *
You are more poisoned.
LairdRich's ghost hits you but does no damage.
You closely miss LairdRich's ghost.
* * * LOW HITPOINT WARNING * * *
You feel sick.
LairdRich's ghost hits you but does no damage.
You closely miss LairdRich's ghost.
LairdRich's ghost is almost destroyed.
You feel less wooden.
Your scarf of resistance unmelds from your body.
Your +1 pair of gloves unmelds from your body.
Your +0 scale mail unmelds from your body.
You feel resistant to extremes of temperature.
You die...

. ..# .# #.#.##.#
#.#.##.# ......#
###### #....##
......###.....##
#.#.#.#).......#
......W@.......#
#.#.#.)).#.....######
......#..#..#.......#
#.#.#.#..#.##..####..#
..... #........# #.#
..... ##.......#####.#
.... ###.###.##....#
.... #.# #.##.##.##
#.# #.##.#...##


You could see LairdRich's ghost.

Vanquished Creatures
  Grinder (D:4)
  A hound (D:4)
  3 orc wizards
  Terence (D:3)
  4 adders
  A worm (D:4)
  2 dart slugs
  A leopard gecko (D:1)
  5 orcs
  7 bats
  2 giant cockroaches
  3 goblins
  6 hobgoblins
  6 jackals (D:3)
  4 kobolds
  A quokka (D:3)
  3 ball pythons
  2 frilled lizards
  3 rats
56 creatures vanquished.

Vanquished Creatures (others)
  A dart slug (D:3)
1 creature vanquished.

Grand Total: 57 creatures vanquished

Notes
Turn   | Place    | Note
-------+----------+-------------------------------------------
     0 | D:1      | Kagorn the Hill Orc Fighter began the quest for the Orb.
     0 | D:1      | Reached XP level 1. HP: 19/19 MP: 1/1
    88 | D:1      | Reached XP level 2. HP: 27/27 MP: 2/2
   433 | D:2      | Reached XP level 3. HP: 29/33 MP: 3/3
   479 | D:2      | Found a shimmering altar of Xom.
   880 | D:3      | Noticed Terence
   894 | D:3      | Killed Terence
   894 | D:3      | Reached XP level 4. HP: 36/41 MP: 4/4
   905 | D:3      | Found a hide-covered altar of Uskayaw.
   912 | D:3      | Became a worshipper of Beogh the Brigand
   928 | D:3      | Reached skill level 1 in Dodging
  1140 | D:3      | Reached XP level 5. HP: 42/47 MP: 5/5
  1343 | D:3      | Found a basalt altar of Yredelemnul.
  1788 | D:4      | Noticed Grinder
  1794 | D:4      | Paralysed by Grinder for 6 turns
  1809 | D:4      | HP: 2/47 [Grinder (4)]
  1817 | D:4      | Killed Grinder
  1817 | D:4      | Reached skill level 5 in Fighting
  1817 | D:4      | Reached skill level 5 in Axes
  1817 | D:4      | Reached XP level 6. HP: 18/56 MP: 6/6
  1845 | D:4      | Found a stormy altar of Qazlal.
  2062 | D:4      | Noticed LairdRich's ghost (amateur SpEn)
  2088 | D:4      | Reached * piety under Beogh
  2102 | D:4      | Gained mutation: You are weak. (Str -2) [potion of mutation]
  2102 | D:4      | Gained mutation: You are partially covered in yellow scales. (AC +2) [potion of mutation]
  2102 | D:4      | Gained mutation: Your flesh is cold resistant. (rC+) [potion of mutation]
  2112 | D:4      | HP: 3/85 [poisoned by LairdRich's ghost]
  2113 | D:4      | Succumbed to LairdRich's ghost's poison

Skill      XL: |  1  2  3  4  5 |
---------------+----------------+-----
Axes           | 3 4 5 |  5.4
Fighting       | 4 5 |  5.8
Dodging        | 1 |  1.7
Armour         | 4 |  4.3
Shields        | 4 |  4.3

Action                   |  1- 3 |  4- 6 || total
-------------------------+-------+-------++-------
Melee: War axe           |   100 |    88 ||   188
Invok: Convert to Beogh  |       |     1 ||     1
  Use: Scroll            |     8 |     3 ||    11
       Potion            |       |    11 ||    11
  Eat: Ration            |       |     1 ||     1
Armor: Scale mail        |    59 |    74 ||   133
       Skin              |       |    30 ||    30
Dodge: Dodged            |    48 |    32 ||    80
Block: Shield            |    65 |    49 ||   114
